 Seeded DCSS version 0.30-a0-385-gfebfb9b408 (webtiles) character file.

Game seed: 841342 (custom seed)

317 McGhostyFace the Ruffian (level 6, -8/44 HPs)
             Began as a Gnoll Wanderer on Dec 2, 2022.
             Mangled by a gnoll
             ... wielding a +0 halberd
              (11 damage)
             ... on level 3 of the Dungeon.
             The game lasted 00:07:50 (3437 turns).

McGhostyFace the Ruffian (Gnoll Wanderer)           Turns: 3437, Time: 00:07:51

Health: -8/44      AC:  6    Str: 20    XL:     6   Next: 45%
Magic:  7/11       EV: 15    Int: 13    God:
Gold:   125        SH:  0    Dex:  9    Spells: 11/12 levels left

rFire   . . .      SeeInvis .    k - +3 spear
rCold   . . .      Faith    .    (no shield)
rNeg    . . .      Spirit   .    f - +0 leather armour
rPois   .          Reflect  .    p - +0 helmet
rElec   .          Harm     .    (no cloak)
rCorr   .          Rampage  .    (no gloves)
Will    .....                    i - +1 pair of boots
Stlth   +.........               (no amulet)
HPRegen 0.27/turn                n - +4 ring of evasion
MPRegen 0.12/turn                q - +6 ring of strength

@: no status effects
A: fangs 1, strong nose, distributed training
a: no special abilities


You were on level 3 of the Dungeon.
You visited 1 branch of the dungeon, and saw 3 of its levels.

You collected 125 gold pieces.

Inventory:

Hand Weapons
 k - a +3 spear (weapon)
Missiles
 c - 8 poisoned darts (quivered)
Armour
 f - a +0 leather armour (worn)
 i - a +1 pair of boots (worn)
 p - a +0 helmet (worn)
Jewellery
 n - a +4 ring of evasion (left hand)
 q - a +6 ring of strength (right hand)
Scrolls
 a - a scroll of torment {unknown}
 b - a scroll of blinking
 d - 2 scrolls of fear
 g - 2 scrolls of teleportation {unknown}
 j - a scroll of identify {unknown}
 r - a scroll of summoning {unknown}
 t - a scroll of noise {unknown}
Potions
 h - a potion of might {unknown}
 l - a potion of cancellation {unknown}
 m - a potion of degeneration {unknown}
 o - a potion of haste {unknown}
 s - a potion of brilliance {unknown}


   Skills:
 + Level 2.0 Fighting
 + Level 2.0 Short Blades
 + Level 2.0 Long Blades
 + Level 2.0 Axes
 + Level 2.0 Maces & Flails
 + Level 2.0 Polearms
 + Level 2.0 Staves
 + Level 2.0 Ranged Weapons
 + Level 6.8 Throwing
 + Level 2.0 Armour
 + Level 2.0 Dodging
 + Level 2.0 Stealth
 + Level 2.0 Shields
 + Level 6.8 Unarmed Combat
 + Level 3.5 Spellcasting
 + Level 1.6 Conjurations
 + Level 1.6 Hexes
 + Level 1.6 Summonings
 + Level 1.6 Necromancy
 + Level 1.6 Translocations
 + Level 1.6 Transmutations
 + Level 1.6 Fire Magic
 + Level 1.6 Ice Magic
 + Level 1.6 Air Magic
 + Level 4.1 Earth Magic
 + Level 1.6 Poison Magic
 + Level 2.2 Invocations
 + Level 3.3 Evocations


You had 11 spell levels left.
You knew the following spells:

 Your Spells              Type           Power      Damage    Failure   Level
a - Sandblast             Erth           26%        2d8       4%          1

Your spell library contained the following spells:

 Spells                   Type           Power      Damage    Failure   Level
 Summon Small Mammal      Summ           24%        N/A       13%         1
 Sublimation of Blood     Necr           6%         N/A       19%         2
 Wereblood                Tmut           6%         N/A       19%         2
 Stone Arrow              Conj/Erth      18%        3d8       22%         3
 Call Canine Familiar     Summ           6%         N/A       36%         3
 Summon Guardian Golem    Hex/Summ       6%         N/A       36%         3
 Summon Hydra             Summ           3%         N/A       100%        7


Dungeon Overview and Level Annotations

Branches:
Dungeon (3/15)

Altars:
Elyvilon
Okawaru


Innate Abilities, Weirdness & Mutations

You have very sharp teeth.
Your uncanny sense of smell can sniff out nearby items.
Your experience applies equally to all skills.


Message History

Press: ? - help, v - describe, . - travel, g - get item Item here: a +0 sling.
The floor, spattered with blood.
Unknown command.
Casting: Sandblast (safe; 4% risk of failure)
Confirm with . or Enter, or press ? or * to list all spells.
Aiming: Sandblast (safe; 4% risk of failure)
Press: ? - help, Shift-Dir - straight line, f - hobgoblin
Aim: a hobgoblin, wielding a +0 club (82% to hit)
The blast of sand hits the hobgoblin!
You kill the hobgoblin!
The gnoll misses you. The kobold misses you. The gnoll closely misses you.
Casting: Sandblast (safe; 4% risk of failure)
Confirm with . or Enter, or press ? or * to list all spells.
Aiming: Sandblast (safe; 4% risk of failure)
Press: ? - help, Shift-Dir - straight line, f - kobold
Aim: a kobold, wielding a +0 dagger and quivering poisoned darts (77% to hit)
The blast of sand hits the kobold.
You kill the kobold!
The gnoll closely misses you.
Casting: Sandblast (safe; 4% risk of failure)
Confirm with . or Enter, or press ? or * to list all spells.
Aiming: Sandblast (safe; 4% risk of failure)
Press: ? - help, Shift-Dir - straight line, f - gnoll
Aim: a gnoll, wielding a +0 flail (84% to hit)
The blast of sand hits the gnoll.
The gnoll is lightly wounded.
The gnoll misses you. The gnoll closely misses you. The gnoll misses you.
The gnoll hits you but does no damage.
Casting: Sandblast (safe; 4% risk of failure)
Confirm with . or Enter, or press ? or * to list all spells.
Aiming: Sandblast (safe; 4% risk of failure)
Press: ? - help, Shift-Dir - straight line, f/p - gnoll
Aim: a gnoll, wielding a +0 flail (lightly wounded, 84% to hit)
The blast of sand hits the gnoll!
The gnoll is severely wounded.
The gnoll hits you with a +0 flail!
* * * LOW HITPOINT WARNING * * *
The gnoll hits you from afar with a +0 halberd!
You die...

#########################''######
#..........)...#.......#....#....
#..........).).))......#....#....
#...........)..#########....#####
....########..........#....))#...
....# #........).'......)...
....########..........#..)...#...
#....))...)...g#########....#####
#............ggg@......#....#..).
#.............g#)......#....#....
#################################


You could see 2 gnolls, 2 hobgoblins and a goblin.

Vanquished Creatures
  An orc priest (D:3)
  12 gnolls
  2 adders (D:3)
  A worm (D:2)
  A dart slug (D:1)
  4 orcs (D:3)
  4 endoplasms
  6 giant cockroaches
  20 hobgoblins
  A jackal (D:1)
  8 kobolds
  4 quokkas
  4 ball pythons
  7 bats
  9 frilled lizards
  41 goblins
  7 rats
132 creatures vanquished.

Notes
Turn   | Place    | Note
-------+----------+-------------------------------------------
     0 | D:1      | McGhostyFace the Gnoll Wanderer began the quest for the
                  | Orb.
     0 | D:1      | McGhostyFace set off with the following items: a +0 dagger,
                  | a scroll of blinking, 12 poisoned darts, a scroll of fear,
                  | a potion of heal wounds, a +0 leather armour; and the
                  | following spell memorised: Sandblast; and the following
                  | spells available to memorise: Stone Arrow.
     0 | D:1      | Reached XP level 1. HP: 13/13 MP: 4/4
   197 | D:1      | Reached XP level 2. HP: 11/19 MP: 5/5
   755 | D:1      | Reached XP level 3. HP: 25/25 MP: 7/7
   984 | D:1      | Reached skill level 1 in Invocations
  1448 | D:2      | Reached skill level 1 in Fighting
  1448 | D:2      | Reached skill level 1 in Short Blades
  1448 | D:2      | Reached skill level 1 in Long Blades
  1448 | D:2      | Reached skill level 1 in Axes
  1448 | D:2      | Reached skill level 1 in Maces & Flails
  1448 | D:2      | Reached skill level 1 in Polearms
  1448 | D:2      | Reached skill level 1 in Staves
  1448 | D:2      | Reached skill level 1 in Ranged Weapons
  1448 | D:2      | Reached skill level 1 in Armour
  1448 | D:2      | Reached skill level 1 in Dodging
  1448 | D:2      | Reached skill level 1 in Stealth
  1448 | D:2      | Reached skill level 1 in Shields
  1643 | D:2      | Reached XP level 4. HP: 32/32 MP: 3/8
  1840 | D:2      | Found an iron altar of Okawaru.
  2071 | D:3      | Found a white marble altar of Elyvilon.
  2104 | D:3      | Reached skill level 1 in Conjurations
  2104 | D:3      | Reached skill level 1 in Hexes
  2104 | D:3      | Reached skill level 1 in Summonings
  2104 | D:3      | Reached skill level 1 in Necromancy
  2104 | D:3      | Reached skill level 1 in Translocations
  2104 | D:3      | Reached skill level 1 in Transmutations
  2104 | D:3      | Reached skill level 1 in Fire Magic
  2104 | D:3      | Reached skill level 1 in Ice Magic
  2104 | D:3      | Reached skill level 1 in Air Magic
  2104 | D:3      | Reached skill level 1 in Poison Magic
  2384 | D:3      | Reached XP level 5. HP: 28/37 MP: 9/9
  3078 | D:3      | Reached XP level 6. HP: 44/44 MP: 11/11
  3437 | D:3      | Mangled by a gnoll

Illustrated notes

Levels and vault maps discovered:
D:1:      dpeg_arrival_rhombi, layout_loops_corners, minmay_pentomino_x4
D:2:      layout_basic, basic_altar, minmay_tripent
D:3:      minmay_goblin_kobold_castle, layout_basic, mainiacjoe_overflow_paths

Skill      XL: |  1  2  3  4  5  6 |
---------------+-------------------+-----
Invocations    | 1 2 |  2.2
Fighting       | 1 2 |  2.0
Short Blades   | 1 2 |  2.0
Long Blades    | 1 2 |  2.0
Axes           | 1 2 |  2.0
Maces & Flails | 1 2 |  2.0
Polearms       | 1 2 |  2.0
Staves         | 1 2 |  2.0
Ranged Weapons | 1 2 |  2.0
Armour         | 1 2 |  2.0
Dodging        | 1 2 |  2.0
Stealth        | 1 2 |  2.0
Shields        | 1 2 |  2.0
Spellcasting   | 3 |  3.5
Conjurations   | 1 |  1.6
Hexes          | 1 |  1.6
Summonings     | 1 |  1.6
Necromancy     | 1 |  1.6
Translocations | 1 |  1.6
Transmutations | 1 |  1.6
Fire Magic     | 1 |  1.6
Ice Magic      | 1 |  1.6
Air Magic      | 1 |  1.6
Poison Magic   | 1 |  1.6
Evocations     | 3 |  3.3
Earth Magic    | 4 |  4.1
Throwing       | |  6.8
Unarmed Combat | |  6.8

Action                   |  1- 3 |  4- 6 || total
-------------------------+-------+-------++-------
Melee: Dagger            |    27 |       ||    27
       Punch             |     4 |     7 ||    11
       Spear             |    85 |   208 ||   293
       Bite              |     3 |    11 ||    14
Throw: Dart              |    17 |    30 ||    47
 Cast: Sandblast         |     6 |     7 ||    13
  Use: Potion            |       |     2 ||     2
 Stab: Sleeping          |     1 |       ||     1
Armor: Leather armour    |    22 |    59 ||    81
Dodge: Dodged            |    66 |   231 ||   297

Table legend: (Time is in decaauts)
 A = Elapsed time spent in this place.
 B = Non-inter-level travel time spent in this place.
 C = Inter-level travel time spent in this place.
 D = Time resting spent in this place.
 E = Time spent auto-exploring this place.
 F = Levels seen in this place.
 G = Mean time per level.
                   A        B        C        D        E       F      G
               +--------+--------+--------+--------+--------+-----+--------+
         Total |   3436 |   3406 |     30 |    675 |   2007 |   3 | 1145.3 |
       Dungeon |   3436 |   3406 |     30 |    675 |   2007 |   3 | 1145.3 |
               +--------+--------+--------+--------+--------+-----+--------+

Top non-repeatable levels by time:
     D:3: 1494 daAuts
     D:1: 1416 daAuts
     D:2: 526 daAuts
